 Dungeon Crawl Stone Soup version 0.31-a0-150-g89dc3ad700 (webtiles) character file.

Game seed: 1570212291558431687

339 Dittersdorf the Shield-Bearer (level 6, -22/40 HPs)
             Began as a Gargoyle Fighter on June 8, 2023.
             Was an Initiate of Okawaru.
             Annihilated by an ogre
             ... wielding a +0 giant club
              (24 damage)
             ... on level 4 of the Dungeon.
             The game lasted 00:04:04 (3757 turns).

Dittersdorf the Shield-Bearer (Gargoyle Fighter)    Turns: 3757, Time: 00:04:05

Health: -22/40     AC: 16    Str: 21    XL:     6   Next: 55%
Magic:  6/6        EV:  8    Int:  9    God:    Okawaru [......]
Gold:   366        SH:  4    Dex:  9    Spells: 5/5 levels left

rFire   . . .        a - +0 flail
rCold   . . .        c - +0 buckler
rNeg    + . .        h - +0 chain mail
rPois   ∞            (no helmet)
rElec   +            i - +0 cloak
rCorr   .            f - +0 pair of gloves
SInv    .            (no boots)
Will    .....        (no amulet) Stlth
                     (no ring)
HPRegen 0.26/turn    (no ring)
MPRegen 0.10/turn

%: no passive effects
@: no status effects
A: sickness immunity, AC +4, negative energy resistance 1, electricity
resistance, torment resistance 1, petrification resistance
a: Renounce Religion


You were on level 4 of the Dungeon.
You worshipped Okawaru.
Okawaru was noncommittal.
You visited 1 branch of the dungeon, and saw 5 of its levels.

You collected 366 gold pieces.

Inventory:

Hand Weapons
 a - a +0 flail (weapon)
Missiles
 b - 2 poisoned darts
Armour
 c - a +0 buckler (worn)
 f - a +0 pair of gloves (worn)
 h - a +0 chain mail (worn)
 i - a +0 cloak (worn)
Jewellery
 p - the ring "Nedaamyi" {rPois Str-5 Int+7 Stlth+}
   (You found it on level 4 of the Dungeon)

   [ring of poison resistance]

   Str:       It affects your strength (-5).
   Int:       It affects your intelligence (+7).
   rPois:     It protects you from poison.
   Stlth:     It makes you more stealthy.
Scrolls
 j - a scroll of vulnerability {unknown}
 n - 2 scrolls of amnesia {unknown}
 o - 4 scrolls of butterflies {unknown}
 r - a scroll of acquirement {unknown}
 s - a scroll of blinking {unknown}
 t - a scroll of magic mapping {unknown}
 u - a scroll of brand weapon {unknown}
 v - a scroll of enchant armour {unknown}
 w - a scroll of teleportation {unknown}
 x - a scroll of enchant weapon {unknown}
Potions
 d - a potion of might
 e - 4 potions of cancellation
 k - a potion of haste
 m - 2 potions of attraction {unknown}
 q - a potion of heal wounds


   Skills:
 + Level 4.8 Fighting
 + Level 3.6 Maces & Flails
 + Level 4.8 Armour
 + Level 4.8 Shields


You had 5 spell levels left.
You didn't know any spells.
Your spell library contained the following spells:

 Spells                   Type           Power      Damage    Failure   Level
 Beastly Appendage        Tmut           0%         N/A       97%         1
 Wereblood                Tmut           0%         N/A       99%         2
 Spider Form              Tmut/Pois      0%         N/A       100%        3


Dungeon Overview and Level Annotations

Branches:
Dungeon (5/15)             Temple (0/1) D:4

Altars:
Okawaru
Ru
Vehumet
Wu Jian

Annotations:
D:5 Dowan


Innate Abilities, Weirdness & Mutations

You are immune to sickness and miasma.
Your stone body is resilient. (AC +4)
You are immune to poison.
You resist negative energy. (rN+)
You are resistant to electric shocks. (rElec)
You are resistant to unholy torment.
You are immune to petrification.


Message History

You closely miss Dowan. Dowan closely misses you. Dowan barely misses you.
You closely miss Dowan.
Dowan casts a spell.
Dowan blinks!
Dowan says, "Magic will overcome all!"
Dowan gestures wildly while chanting.
Dowan blinks!
You climb upwards.
There is a stone staircase leading down here.
You start resting.
You are no longer glowing.
You start resting.
You feel a little less mighty now.
You start resting.
HP restored.
You climb downwards.
Level annotation: Dowan Dowan casts a spell at you.
The shard of ice hits you but does no damage.
There is a stone staircase leading up here.
The ogre hits you with a +0 giant club.
You climb upwards.
There is a stone staircase leading down here.
You closely miss the ogre. You hit the ogre.
The ogre is lightly wounded.
The ogre hits you with a +0 giant club!
You hit the ogre but do no damage.
The ogre is lightly wounded.
The ogre barely misses you.
You hit the ogre.
The ogre is moderately wounded.
The ogre hits you with a +0 giant club!!
Ouch! That really hurt!
* * * LOW HITPOINT WARNING * * *
You barely miss the ogre.
The ogre is moderately wounded.
The ogre hits you with a +0 giant club!!
Ouch! That really hurt!
You die...

# ###.~§~>~~~..####.#########
#########.§~~§~~~..# #..........
...........~~§§~.#.#############.
.########)..§§~..#.........# #.
.# #.##.#####.#######.# #. .#
####.##[#####.# #<# #. .#
#....[........## #.# #. .#
#.#........O...######.### #.
.#####.#...#.###@#..##.......# #.
.......#...#.###)#..##.###.#.###.
######.#.#.#.#...................
# #.#.#.#.#.#.#..##.###...#.## #
#.#.#.#...........# ###....# #
#.#.#.###.#.#...### #..... #
#.#.#.###.......#######....#
######........................>##
.............................###


You could see an ogre.

Vanquished Creatures
  Duvessa (D:5)
  A jelly (D:4)
  Ijyb (D:4)
  An iguana (D:4)
  4 gnolls
  2 adders
  5 dart slugs
  7 orcs
  9 endoplasms
  4 giant cockroaches
  5 goblins
  4 hobgoblins
  5 jackals (D:1)
  4 quokkas
  6 ball pythons
  8 bats
  5 frilled lizards
  7 kobolds
  7 rats
86 creatures vanquished.

Notes
Turn   | Place    | Note
-------+----------+-------------------------------------------
     0 | D:1      | Dittersdorf the Gargoyle Fighter began the quest for the
                  | Orb.
     0 | D:1      | Reached XP level 1. HP: 14/14 MP: 1/1
   109 | D:1      | Reached XP level 2. HP: 19/19 MP: 2/2
   348 | D:1      | Reached XP level 3. HP: 21/23 MP: 3/3
  1011 | D:2      | HP: 1/24 [gnoll/+0 flail (5)]
  1013 | D:2      | Reached XP level 4. HP: 1/29 MP: 4/4
  1763 | D:3      | Found a sacrificial altar of Ru.
  1794 | D:3      | Found an ornate altar of the Wu Jian Council.
  1796 | D:3      | Found a radiant altar of Vehumet.
  1822 | D:3      | Found an iron altar of Okawaru.
  1839 | D:3      | Became a worshipper of Warmaster Okawaru
  2210 | D:3      | Reached XP level 5. HP: 33/33 MP: 5/5
  2587 | D:4      | Found a staircase to the Ecumenical Temple.
  2816 | D:4      | Identified the ring "Nedaamyi" {rPois Str-5 Int+7 Stlth+}
  2853 | D:4      | Identified the +7 orcbow of Descent {drain, rElec rF++
                  | SInv}
  3370 | D:5      | Entered Level 5 of the Dungeon
  3370 | D:5      | Noticed Duvessa
  3375 | D:5      | Noticed Ijyb
  3411 | D:5      | Noticed Dowan
  3430 | D:4      | HP: 1/34 [Ijyb/+2 dagger of draining (3)]
  3447 | D:4      | Killed Ijyb
  3448 | D:4      | Reached XP level 6. HP: 3/39 MP: 6/6
  3603 | D:5      | HP: 1/39 [Duvessa/+0 short sword (4)]
  3605 | D:5      | Killed Duvessa
  3756 | D:4      | HP: 1/40 [ogre/+0 giant club (27)]
  3757 | D:4      | Annihilated by an ogre

Illustrated notes

Levels and vault maps discovered:
D:1:      saegor_arrival_simple_b, layout_loops_ring
D:2:      layout_basic, serial_glass, glass_columns_b, glass_columns_a
D:3:      layout_basic, mainiacjoe_overflow_alcove_4,
          gammafunk_temple_overflow_forgotten, minmay_vboxes
D:4:      layout_loops_ring, minmay_temple_entry_mist
D:5:      layout_cave_pools, uniq_grinder, uniq_duvessa, uniq_ijyb

Skill      XL: |  1  2  3  4  5 |
---------------+----------------+-----
Fighting       | 4 |  4.8
Armour         | 4 |  4.8
Shields        | 4 |  4.8
Maces & Flails | 3 |  3.6

Action                     |  1- 3 |  4- 6 || total
---------------------------+-------+-------++-------
  Melee: Flail             |   135 |   201 ||   336
    Use: Scroll            |       |     6 ||     6
         Potion            |       |     2 ||     2
 Armour: Scale mail        |    62 |       ||    62
         Chain mail        |    61 |   126 ||   187
  Dodge: Dodged            |    63 |    84 ||   147
  Block: Buckler           |    31 |    55 ||    86

Table legend: (Time is in decaauts)
 A = Elapsed time spent in this place.
 B = Non-inter-level travel time spent in this place.
 C = Inter-level travel time spent in this place.
 D = Time resting spent in this place.
 E = Time spent auto-exploring this place.
 F = Levels seen in this place.
 G = Mean time per level.
                   A        B        C        D        E       F      G
               +--------+--------+--------+--------+--------+-----+--------+
         Total |   3862 |   3702 |    160 |    613 |   2296 |   5 |  772.4 |
       Dungeon |   3862 |   3702 |    160 |    613 |   2296 |   5 |  772.4 |
               +--------+--------+--------+--------+--------+-----+--------+

Top non-repeatable levels by time:
     D:4: 1218 daAuts
     D:1: 1120 daAuts
     D:3: 994 daAuts
     D:2: 477 daAuts
     D:5: 51 daAuts
